Introsp3ctive, lawful female dwarven Valkyrie --------- --.|..--.- --......... --......... --........... |............------------ --|........--.............| |.|........-- -....--.....--- |...........|--.............| |........<.-|............--.--- ---........--...--..--........| -. ---..*.....$..|-----......| - -.!.. ----------------........---- |.-....-- |.[......@........)..............| -- --..| ---.....s-----..%....)..^......|*--- --- --- -- |... --.....)..........|...|--.-- --. --..........---..|--.--...- -. |...........----- |.....|. . ---......--..| |...--- -- ---....| ..| --..| ------ --- ---- Introsp3ctive the Skirmisher Experience level: 4 Strength: 18 Dexterity: 13 Constitution: 19 Intelligence: 7 Wisdom: 10 Charisma: 8 Health: 0(54) Energy: 7(7) Def: 4 Gold: 105 Moves: 2312 Dungeon seed: cvMTxjERAvt6qnLI Game ID: Introsp3ctive_1467044501 Your Inventory: Coins $ - 105 gold pieces Weapons a - a blessed +1 long sword (weapon in hand) b - an uncursed +0 dagger d - an uncursed +0 bow (alternate weapon; not wielded) j - 25 uncursed +0 arrows (in quiver) m - an uncursed +0 long sword Armor e - an uncursed +3 small shield (being worn) q - an uncursed +0 plate mail y - a cursed -1 chain mail Comestibles l - an uncursed tin of gecko meat t - an uncursed lichen corpse z - an uncursed tripe ration D - an uncursed food ration Scrolls f - an uncursed scroll of scare monster g - an uncursed scroll of teleportation h - a cursed scroll of taming n - an uncursed scroll of light Spellbooks s - an uncursed spellbook of confuse monster Potions r - an uncursed potion of sickness x - a blessed potion of enlightenment B - an uncursed potion of paralysis E - a blessed potion of invisibility F - a cursed potion of acid Rings v - a cursed -1 ring of protection Tools o - an uncursed stethoscope p - an uncursed magic whistle u - a blessed oil lamp named lit 1351 (lit) (0:447) A - an uncursed +0 pick-axe C - 7 uncursed tallow candles (0:200) G - an uncursed leash Spells and supernatural/magical abilities: Name Level Category Fail Memory W - pray for help -- divine ? -- Your skills at the end: Fighting Skills Weapon Skills dagger [Basic] long sword [Basic] Spellcasting Skills Final Attributes: You were piously aligned. You were cold resistant. You had infravision. You were stealthy. You are dead. Vanquished creatures: a leprechaun a kitten a rothe a giant bat a monkey a dwarf zombie an iguana a hobbit 2 manes 3 giant rats 2 cave spiders a brown mold a yellow mold 4 gnomes 4 jackals a sewer rat 7 grid bugs 3 lichens 4 newts 40 creatures vanquished. Voluntary challenges: You were an atheist. You used a wielded weapon 41 times, starting on turn 104. You were illiterate. You never genocided any monsters. You never polymorphed an object. You never changed form. You used no wishes. You never split a pudding. You never wrote Elbereth's name. You never violated your personal moral code. Dungeon overview: The Dungeons of Doom: levels 1 to 4 Level 1 a fountain a long staircase Level 2 Level 3 a sink Level 4 some fountains stairs to The Gnomish Mines The Gnomish Mines: levels 5 to 6 Level 5 stairs to The Dungeons of Doom Level 6 <- You were here History has recorded: On T:1 you entered the Dungeons of Doom to retrieve the Amulet of Yendor! On T:348 you reached level 2 of The Dungeons of Doom. On T:779 you reached level 3 of The Dungeons of Doom. On T:1069 you reached level 4 of The Dungeons of Doom. On T:1085 you advanced to experience level 2. On T:1348 you reached level 1 of The Gnomish Mines. On T:1481 you advanced to experience level 3. On T:1979 you reached level 2 of The Gnomish Mines. On T:2260 you advanced to experience level 4. Score breakdown: Gold: 105 ( 6889 points) Experience: 4 levels ( 9649 points) Exploration: 6 levels ( 12.00%) ( 9583 points) Discoveries: 2 items ( 0.81%) ( 2705 points) Valuables value: (no points given unless you survive) Artifact value: 0 ( 0 points) Variety of kills: 19 monsters ( 4.99%) ( 6699 points) Turncount: 2312 turns ( -215 points) Survival: died (score multiplied by 80%) Total score: 28248 Latest messages: The leprechaun hits! (2x) You miss the leprechaun. The leprechaun hits! You kill the leprechaun! The cave spider falls into a pit! The cave spider is killed! You fall into a pit! You land on a set of sharp iron spikes! You have a little trouble lifting $ - 105 gold pieces. You miss the grid bug. The grid bug misses. You kill the grid bug! The cave spider bites! The grid bug bites! You get zapped! You are still in a pit. The cave spider bites! The grid bug bites! You get zapped! You kill the grid bug! The cave spider bites! You die... Final status: Farvel Introsp3ctive the Valkyrie, killed by a cave spider... You died in The Gnomish Mines on dungeon level 6 with 28248 points, and 105 pieces of gold, after 2312 moves. You were level 4 with a maximum of 54 hit points when you died.